Map: [ESL] NeoHumanity

Players

Krystianer

  • Race: Protoss Protoss
  • Spawn Location: 5:00

Gerald - Winner!

  • Race: Protoss Protoss
  • Spawn Location: 11:00

Event: ESL SC2 Masters 2023 Summer (Regionals)

VOD

Have the link to the VOD?

Description

Time

  • Played on: May 11, 2023, 11:59 a.m.
  • Length: 26:13

All games in this series

Show
View Real Time Build Order
Export as new Build Order

Krystianer Protoss 

Build Orders: Phoenix Opening 

Get SALT Encoding   

  12  0:00  Probe  
  13  0:12  Probe  
  14  0:16  Pylon  
  14  0:24  Probe (Chrono Boost)  
  16  0:36  Probe (Chrono Boost)  
  16  0:37  Gateway  
  16  0:42  Probe (Chrono Boost)  
  16  0:45  Assimilator  
  17  0:50  Probe  
  17  0:54  Assimilator  
  18  1:02  Probe (Chrono Boost)  
  19  1:06  Gateway  
  20  1:12  Probe (Chrono Boost)  
  20  1:17  Probe (Chrono Boost)  
  20  1:23  Cybernetics Core  
  21  1:29  Probe  
  22  1:34  Pylon  
  22  1:41  Probe  
  23  1:53  Probe  
  24  1:59  Adept  
  24  2:00  Adept, Warp Gate  
  28  2:05  Probe  
  28  2:06  Shield Battery  
  29  2:12  Pylon  
  29  2:17  Probe  
  30  2:30  Stalker x2  
  34  2:40  Stargate  
  33  3:05  Shield Battery  
  33  3:10  Nexus  
  33  3:11  Probe (Chrono Boost)  
  34  3:23  Probe (Chrono Boost)  
  34  3:24  Phoenix (Chrono Boost)  
  37  3:30  Probe (Chrono Boost)  
  38  3:34  Pylon  
  38  3:37  Probe  
  39  3:47  Twilight Council  
  39  3:53  Stalker  
  41  3:56  Probe  
  42  4:06  Oracle  
  42  4:09  Probe  
  46  4:21  Probe (Chrono Boost)  
  47  4:26  Probe (Chrono Boost)  
  47  4:29  Stalker x2  
  50  4:33  Probe (Chrono Boost)  
  50  4:38  Probe (Chrono Boost)  
  50  4:41  Probe (Chrono Boost)  
  51  4:46  Probe, Blink (Chrono Boost)  
  51  4:49  Probe  
  53  4:56  Stalker  
  55  5:01  Stalker  
  55  5:05  Probe, Assimilator  
  58  5:07  Probe  
  58  5:11  Pylon  
  59  5:27  Stalker x2  
  60  5:30  Probe  
  60  5:31  Probe  
  62  5:42  Probe  
  63  5:43  Probe  
  64  5:50  Nexus  
  64  5:51  Pylon  
  64  5:54  Probe  
  64  5:55  Probe  
  66  6:02  Stalker x2  
  70  6:07  Pylon  
  70  6:08  Oracle (Chrono Boost)  
  70  6:09  Probe x2  
  75  6:18  Pylon  
  75  6:21  Probe (Chrono Boost)  
  77  6:26  Probe (Chrono Boost), Stalker x2  
  77  6:32  Probe (Chrono Boost)  
  82  6:36  Probe (Chrono Boost)  
  82  6:39  Shield Battery  
  83  6:40  Probe  
  83  6:43  Pylon  
  84  6:47  Probe  
  84  6:52  Stalker x2  
  84  6:53  Probe (Chrono Boost)  
  91  7:04  Probe x2 (Chrono Boost)  
  91  7:05  Probe (Chrono Boost)  
  93  7:13  Probe x2 (Chrono Boost)  
  93  7:15  Probe (Chrono Boost), Stalker x2  
  97  7:17  Probe (Chrono Boost)  
  97  7:19  Probe  
  99  7:23  Probe  
  97  7:31  Probe (Chrono Boost)  
  97  7:32  Probe (Chrono Boost)  
  94  7:41  Probe (Chrono Boost)  
  94  7:43  Probe (Chrono Boost), Charge (Chrono Boost)  
  96  7:45  Dark Shrine  
  96  7:46  Probe (Chrono Boost), Gateway  
  96  7:48  Probe (Chrono Boost), Assimilator  
  96  7:49  Probe (Chrono Boost), Gateway, Assimilator  
  96  7:51  Robotics Facility  
  98  7:53  Probe  
  98  7:54  Adept x2  
  98  7:58  Probe  
  104  8:00  Probe  
  104  8:05  Probe  
  106  8:06  Assimilator  
  106  8:10  Probe  
  106  8:12  Probe  
  108  8:18  Gateway  
  108  8:20  Gateway  
  108  8:22  Gateway  
  108  8:23  Gateway  
  108  8:26  Probe  
  107  8:30  Stalker x2  
  109  8:36  Pylon  
  109  8:42  Nexus  
  109  8:43  Pylon  
  109  8:46  Observer  
  109  8:48  Robotics Facility  
  110  8:52  Robotics Bay  
  110  8:56  Probe x2  
  110  8:58  Dark Templar  
  110  9:00  Dark Templar  
  110  9:02  Dark Templar  
  118  9:04  Dark Templar  
  118  9:08  Shield Battery  
  118  9:09  Probe x2  
  122  9:11  Observer  
  123  9:21  Pylon  
  123  9:22  Pylon  
  123  9:23  Probe, Forge  
  124  9:28  Probe  
  124  9:30  Probe  
  126  9:35  Probe  
  126  9:37  Dark Templar x3  
  126  9:38  Dark Templar  
  133  9:40  Probe  
  133  9:43  Probe, Stalker x2  
  138  9:52  Dark Templar  
  140  9:56  Probe  
  135  10:08  Stalker x3  
  135  10:10  Disruptor (Chrono Boost)  
  135  10:13  Photon Cannon  
  142  10:17  Disruptor (Chrono Boost), Zealot x4  
  151  10:27  Probe  
  148  10:31  Zealot x3  
  148  10:32  Zealot  
  152  10:36  Disruptor (Chrono Boost)  
  152  10:40  Probe  
  154  10:45  Stalker x4  
  154  10:47  Disruptor (Chrono Boost)  
  161  10:52  Protoss Ground Weapons Level 1 (Chrono Boost)  
  161  10:55  Pylon  
  159  10:59  Nexus  
  159  11:01  Zealot x2  
  163  11:05  Pylon  
  163  11:06  Pylon  
  163  11:07  Pylon  
  163  11:09  Pylon  
  163  11:11  Disruptor (Chrono Boost)  
  163  11:13  Disruptor (Chrono Boost)  
  163  11:16  Photon Cannon  
  169  11:19  Probe, Shield Battery  
  169  11:21  Photon Cannon  
  169  11:22  Assimilator  
  169  11:23  Assimilator  
  170  11:28  Zealot x6  
  182  11:38  Zealot x2  
  182  11:39  Probe  
  186  11:43  Disruptor x2 (Chrono Boost)  
  192  11:57  Stalker x4  
  198  12:02  Probe  
  195  12:12  Observer  
  194  12:17  Zealot x3  
  194  12:18  Zealot  
  160  12:30  Disruptor (Chrono Boost), Stalker x4  
  160  12:33  Disruptor (Chrono Boost)  
  163  12:42  Stalker x4  
  163  12:48  Probe x2  
  162  12:54  Protoss Ground Weapons Level 2 (Chrono Boost)  
  162  12:56  Zealot x4  
  162  12:57  Disruptor (Chrono Boost)  
  170  13:01  Disruptor (Chrono Boost)  
  175  13:07  Stalker x4  
  175  13:12  Probe  
  182  13:23  Zealot x4  
  182  13:24  Shadow Stride  
  190  13:30  Stalker x4  
  190  13:32  Probe  
  197  13:48  Photon Cannon  
  197  13:50  Photon Cannon x2  
  197  13:51  Photon Cannon  
  197  13:52  Photon Cannon x3  
  197  13:54  Photon Cannon, Shield Battery  
  197  13:55  Photon Cannon  
  197  13:57  Pylon  
  197  13:58  Pylon  
  195  14:10  Disruptor (Chrono Boost), Observer (Chrono Boost)  
  194  14:23  Dark Templar x4  
  195  14:33  Assimilator  
  195  14:35  Assimilator  
  195  14:39  Observer (Chrono Boost)  
  188  14:50  Stalker x4  
  194  14:58  Dark Templar x3  
  198  15:04  Stalker  
  169  15:22  Stalker x4  
  169  15:23  Disruptor (Chrono Boost)  
  169  15:26  Disruptor (Chrono Boost)  
  126  15:41  Zealot x3  
  124  15:43  Stalker  
  124  15:48  Zealot x2  
  128  15:51  Protoss Ground Weapons Level 3 (Chrono Boost)  
  128  15:52  Disruptor (Chrono Boost)  
  128  15:54  Observer (Chrono Boost)  
  122  15:58  Stalker x2  
  122  16:03  Stalker x2  
  124  16:09  Stalker x4  
  124  16:10  Disruptor (Chrono Boost), Forge  
  133  16:20  Disruptor (Chrono Boost)  
  133  16:23  Gateway  
  136  16:25  Gateway  
  136  16:26  Gateway, Stalker x4  
  144  16:34  Stalker x4  
  144  16:36  Disruptor (Chrono Boost)  
  155  16:40  Nexus  
  155  16:44  Observer (Chrono Boost)  
  150  16:56  Robotics Facility  
  150  16:58  Disruptor (Chrono Boost), Pylon  
  150  17:00  Stalker x8  
  150  17:01  Observer (Chrono Boost)  
  170  17:03  Protoss Ground Armor Level 1  
  169  17:17  Observer (Chrono Boost)  
  167  17:24  Nexus  
  170  17:32  Stalker x6  
  170  17:33  Stalker x2  
  170  17:34  Disruptor (Chrono Boost)  
  179  17:48  Stalker x3  
  178  17:53  Disruptor x2 (Chrono Boost)  
  181  18:03  Stalker x3  
  181  18:04  Stalker  
  163  18:32  Zealot x2  
  163  18:33  Zealot x7  
  173  18:40  Disruptor  
  160  18:50  Nexus  
  160  18:57  Observer, Stalker x2  
  160  18:58  Protoss Shields Level 1 (Chrono Boost), Stalker x3  
  160  18:59  Observer  
  151  19:19  Stalker x6  
  151  19:22  Probe  
  164  19:25  Observer  
  163  19:38  Dark Templar  
  163  19:39  Dark Templar x4  
  163  19:43  Stalker x2  
  171  19:55  Nexus  
  171  19:58  Disruptor  
  172  20:08  Probe  
  172  20:10  Dark Templar x5  
  183  20:14  Protoss Ground Armor Level 2 (Chrono Boost)  
  183  20:20  Probe  
  183  20:21  Probe x2  
  186  20:22  Pylon  
  186  20:23  Pylon  
  186  20:24  Assimilator  
  186  20:26  Assimilator  
  179  20:51  Zealot x8  
  179  20:55  Disruptor  
  196  21:03  Pylon  
  184  21:12  Observer  
  184  21:13  Probe  
  185  21:21  Disruptor x2  
  185  21:24  Stalker x4  
  199  21:30  Photon Cannon  
  196  21:49  Nexus  
  196  21:55  Dark Templar x2  
  183  22:26  Disruptor (Chrono Boost)  
  183  22:29  Pylon  
  178  22:32  Stalker x9  
  178  22:35  Disruptor (Chrono Boost)  
  174  22:46  Observer (Chrono Boost)  
  165  22:56  Pylon  
  165  22:58  Assimilator  
  165  22:59  Stalker x7  
  165  23:02  Assimilator  
  151  23:23  Disruptor  
  129  23:32  Disruptor  
  132  23:38  Stalker x9  
  150  23:42  Observer  
  150  23:46  Stalker  
  150  23:47  Stalker  
  155  23:51  Photon Cannon  
  155  23:52  Photon Cannon  
  155  23:53  Shield Battery  
  155  23:59  Disruptor (Chrono Boost)  
  152  24:04  Observer  
  152  24:08  Disruptor (Chrono Boost)  
  152  24:22  Disruptor (Chrono Boost)  
  136  24:30  Stalker x6  
  136  24:31  Stalker x2  
  148  24:32  Disruptor (Chrono Boost)  
  148  24:33  Stalker x2  
  148  24:34  Stalker  
  157  24:42  Disruptor (Chrono Boost)  
  158  24:51  Observer  
  156  24:56  Dark Templar x2  
  156  24:58  Zealot x5  
  169  25:01  Disruptor  
  163  25:10  Stalker x2  
  123  25:31  Stalker x7  
  91  26:04  Stalker x2  
  91  26:05  Stalker  
Show
View Real Time Build Order
Export as new Build Order

Gerald Protoss - Winner!

Build Orders: Oracle Opening 

Get SALT Encoding   

  12  0:00  Probe  
  13  0:12  Probe  
  14  0:17  Pylon  
  14  0:24  Probe (Chrono Boost)  
  16  0:37  Probe (Chrono Boost)  
  16  0:38  Gateway  
  16  0:42  Probe (Chrono Boost)  
  16  0:46  Assimilator  
  17  0:52  Probe (Chrono Boost)  
  17  0:54  Assimilator  
  19  1:04  Probe (Chrono Boost)  
  19  1:09  Gateway  
  19  1:13  Probe (Chrono Boost)  
  20  1:18  Probe  
  20  1:25  Cybernetics Core  
  21  1:30  Probe  
  22  1:33  Pylon  
  22  1:42  Probe  
  23  1:54  Probe  
  24  2:01  Adept x2  
  24  2:02  Warp Gate  
  29  2:08  Pylon  
  29  2:13  Probe  
  29  2:25  Probe, Stargate  
  29  2:29  Pylon  
  29  2:37  Probe  
  29  2:40  Stalker  
  32  2:46  Stalker  
  34  2:52  Probe  
  35  3:07  Oracle (Chrono Boost)  
  38  3:21  Nexus  
  38  3:28  Probe  
  38  3:32  Pylon  
  39  3:45  Shield Battery  
  39  3:50  Probe, Shield Battery  
  40  3:58  Shield Battery  
  40  4:01  Oracle  
  40  4:02  Probe  
  44  4:09  Stalker  
  46  4:16  Twilight Council  
  46  4:17  Pylon  
  46  4:23  Probe (Chrono Boost)  
  45  4:33  Probe (Chrono Boost)  
  45  4:35  Probe (Chrono Boost)  
  47  4:38  Adept  
  47  4:42  Probe (Chrono Boost)  
  47  4:43  Probe (Chrono Boost), Stalker  
  53  4:47  Probe (Chrono Boost)  
  53  4:49  Probe  
  53  4:51  Blink (Chrono Boost)  
  55  4:56  Assimilator  
  55  5:06  Probe  
  56  5:07  Stalker  
  56  5:08  Stalker  
  56  5:11  Probe  
  56  5:13  Pylon  
  59  5:27  Probe  
  58  5:32  Gateway  
  58  5:33  Stalker  
  58  5:34  Gateway  
  60  5:36  Probe  
  60  5:38  Shield Battery  
  60  5:42  Stalker  
  64  5:52  Nexus  
  64  5:55  Pylon  
  63  6:01  Stalker  
  65  6:04  Probe  
  65  6:05  Probe  
  65  6:09  Stalker  
  69  6:14  Shield Battery  
  69  6:17  Probe x2  
  71  6:26  Stalker  
  71  6:27  Stalker  
  71  6:29  Probe  
  71  6:31  Probe  
  77  6:35  Forge  
  77  6:39  Adept x2  
  81  6:41  Probe  
  81  6:43  Pylon  
  82  6:47  Forge  
  82  6:50  Probe  
  83  7:00  Stalker  
  85  7:03  Probe  
  85  7:04  Probe  
  86  7:14  Probe  
  87  7:16  Protoss Ground Weapons Level 1 (Chrono Boost)  
  87  7:17  Stalker x3  
  87  7:18  Probe  
  87  7:20  Probe  
  93  7:31  Probe x2  
  93  7:32  Probe  
  93  7:34  Robotics Facility  
  91  7:38  Phoenix (Chrono Boost)  
  91  7:41  Stalker x3  
  91  7:43  Probe, Protoss Ground Armor Level 1 (Chrono Boost)  
  98  7:45  Assimilator  
  99  7:55  Pylon  
  99  7:57  Gateway  
  97  7:59  Gateway  
  97  8:06  Nexus  
  97  8:13  Probe x2  
  97  8:15  Assimilator  
  99  8:20  Gateway x2  
  99  8:22  Pylon  
  99  8:23  Observer  
  100  8:29  Stalker x3  
  106  8:35  Robotics Bay  
  106  8:37  Pylon  
  106  8:40  Probe, Assimilator  
  107  8:44  Probe  
  108  8:49  Probe, Shield Battery  
  108  8:51  Photon Cannon  
  108  8:54  Adept x2  
  113  9:01  Stalker x2  
  117  9:03  Probe  
  118  9:10  Robotics Facility, Protoss Ground Weapons Level 2 (Chrono Boost)  
  118  9:14  Probe x2  
  118  9:15  Probe  
  117  9:24  Disruptor (Chrono Boost)  
  117  9:26  Probe  
  117  9:29  Stalker x2  
  117  9:30  Stalker  
  122  9:44  Probe  
  122  9:55  Observer (Chrono Boost), Stalker x5  
  122  9:56  Stalker  
  132  10:17  Probe x2  
  132  10:18  Photon Cannon  
  132  10:25  Probe  
  129  10:29  Probe  
  129  10:32  Probe  
  130  10:40  Stalker x6  
  139  10:45  Probe  
  139  10:47  Disruptor (Chrono Boost)  
  136  10:54  Probe  
  136  10:56  Photon Cannon  
  140  11:07  Pylon  
  140  11:10  Protoss Ground Armor Level 2 (Chrono Boost)  
  140  11:13  Pylon  
  140  11:15  Pylon x2  
  140  11:24  Disruptor  
  140  11:25  Probe x4  
  147  11:27  Protoss Ground Weapons Level 3 (Chrono Boost)  
  147  11:31  Disruptor  
  150  11:37  Probe x4  
  154  11:47  Stalker  
  154  11:48  Stalker  
  154  11:49  Probe x3  
  161  11:55  Probe  
  161  11:59  Photon Cannon  
  161  12:00  Disruptor, Shield Battery  
  161  12:01  Probe  
  161  12:06  Disruptor  
  163  12:11  Stalker x2  
  161  12:15  Zealot x3  
  161  12:16  Zealot  
  157  12:29  Stalker  
  146  12:30  Stalker  
  146  12:36  Disruptor  
  149  12:42  Disruptor  
  152  12:47  Probe x4  
  152  12:50  Assimilator  
  156  12:52  Assimilator  
  156  12:55  Pylon  
  156  12:57  Pylon  
  156  13:01  Stalker x4  
  156  13:02  Stalker  
  166  13:11  Disruptor  
  166  13:18  Disruptor, Photon Cannon  
  169  13:21  Shield Battery  
  169  13:36  Nexus  
  169  13:37  Pylon  
  169  13:39  Stalker x2  
  169  13:40  Stalker x5  
  181  13:45  Probe  
  181  13:47  Disruptor  
  185  13:50  Pylon, Fleet Beacon  
  185  13:53  Disruptor  
  188  13:57  Probe  
  188  14:00  Charge  
  187  14:04  Stalker x2  
  187  14:05  Stalker x2  
  187  14:09  Pylon  
  195  14:11  Pylon  
  195  14:12  Pylon  
  195  14:20  Protoss Ground Armor Level 3 (Chrono Boost)  
  195  14:23  Observer  
  192  14:30  Gateway  
  192  14:34  Photon Cannon  
  192  14:36  Protoss Shields Level 1 (Chrono Boost)  
  192  14:37  Gateway, Photon Cannon  
  192  14:39  Shield Battery  
  192  14:40  Shield Battery  
  192  14:50  Probe x2  
  194  14:54  Photon Cannon  
  194  14:55  Photon Cannon, Stalker x3  
  194  14:57  Pylon  
  169  15:22  Zealot x5  
  169  15:24  Disruptor  
  162  15:35  Disruptor  
  129  15:43  Stalker x9  
  129  15:44  Stalker  
  142  16:00  Disruptor  
  143  16:04  Probe  
  143  16:05  Probe x2  
  143  16:09  Photon Cannon  
  143  16:10  Photon Cannon  
  143  16:11  Disruptor, Shield Battery  
  146  16:14  Unknown  
  145  16:20  Stalker x3  
  145  16:23  Protoss Shields Level 2 (Chrono Boost)  
  149  16:28  Mothership  
  149  16:31  Probe  
  158  16:36  Disruptor  
  156  16:48  Stalker x7  
  156  16:51  Observer  
  168  16:57  Pylon  
  168  17:01  Pylon  
  168  17:11  Disruptor  
  168  17:12  Observer  
  167  17:25  Zealot x2  
  167  17:26  Zealot x8  
  181  17:33  Disruptor  
  184  17:44  Disruptor  
  184  17:48  Zealot x6  
  193  18:09  Disruptor  
  196  18:18  Nexus, Protoss Air Armor Level 1  
  196  18:21  Pylon  
  187  18:33  Stalker x5  
  187  18:34  Disruptor, Stalker x5  
  177  18:44  Disruptor  
  178  18:55  Stargate  
  178  18:58  Stargate  
  178  19:10  Disruptor (Chrono Boost)  
  176  19:19  Stalker  
  176  19:20  Stalker x9  
  199  19:26  Disruptor (Chrono Boost)  
  198  19:38  Mothership  
  197  19:40  Protoss Shields Level 3 (Chrono Boost)  
  197  19:41  Photon Cannon  
  197  19:42  Shield Battery  
  197  19:43  Disruptor (Chrono Boost)  
  200  19:47  Photon Cannon  
  200  19:48  Shield Battery  
  200  19:50  Assimilator  
  200  19:52  Assimilator  
  198  20:03  Observer  
  198  20:06  Pylon  
  199  20:08  Photon Cannon  
  199  20:09  Shield Battery  
  199  20:11  Pylon  
  199  20:14  Protoss Air Armor Level 2 (Chrono Boost)  
  199  20:37  Zealot  
  199  20:38  Zealot  
  195  20:44  Zealot  
  195  20:45  Zealot  
  197  20:57  Stalker  
  197  21:01  Stalker  
  197  21:04  Photon Cannon  
  200  21:05  Pylon  
  200  21:27  Dark Shrine  
  200  21:39  Nexus  
  200  21:40  Pylon  
  200  22:03  Nexus  
  200  22:06  Pylon  
  187  22:11  Tempest x2  
  192  22:18  Disruptor x2  
  192  22:20  Zealot x5  
  192  22:21  Zealot x2  
  196  22:25  Zealot x3  
  183  22:34  Carrier  
  160  22:47  Stalker x8  
  160  22:48  Stalker x2  
  152  22:53  Disruptor x2  
  158  23:00  Probe x2  
  155  23:10  Zealot x2  
  155  23:11  Zealot x8  
  147  23:28  Probe  
  147  23:29  Disruptor x2  
  147  23:32  Nexus  
  154  23:39  Stalker x10  
  154  23:40  Photon Cannon  
  172  23:42  Shield Battery  
  172  24:01  Tempest x3  
  184  24:05  Disruptor  
  184  24:08  Zealot x3  
  184  24:09  Zealot x4  
  196  24:19  Disruptor  
  183  24:28  Dark Templar x3  
  183  24:33  Stalker x2  
  187  24:40  Disruptor  
  182  24:49  Probe  
  182  24:52  Stalker x4  
  191  24:54  Probe  
  192  25:04  Disruptor  
  195  25:16  Disruptor  
  194  25:28  Stalker x5  
  197  25:39  Dark Templar x2  
  188  25:50  Probe  
  186  25:58  Zealot x8  
  186  25:59  Probe  
Tags
 
Add a new tag
Caveats
  • Supply blocks, unpowered buildings, or Contaminate may cause inaccurate times.
  • Supply counts are checked every 10 seconds.